Map: 环轨星港

Players

shengy - Winner!

  • Race: Zerg Zerg
  • League: Platinum

xun

  • Race: Zerg Zerg
  • League: Platinum

VOD

Have the link to the VOD?

Description

Time

  • Played on: Dec. 28, 2015, 8:50 p.m.
  • Length: 5:07
Show
View Real Time Build Order
Export as new Build Order

shengy Zerg - Winner!

Build Orders: Pool Only, Zergling Baneling 

Get SALT Encoding   

  12  0:01  Drone  
  13  0:22  Spawning Pool  
  13  0:26  Extractor  
  13  0:28  Drone  
  12  0:32  Drone  
  13  0:37  Drone  
  14  0:46  Overlord  
  14  1:09  Queen  
  16  1:12  Zergling x4  
  16  1:14  Zergling x2  
  19  1:24  Zergling x2  
  20  1:29  Metabolic Boost  
  20  1:35  Zergling x2  
  21  1:44  Overlord  
  21  2:04  Zergling x2  
  19  2:20  Zergling x2  
  19  2:21  Zergling x8  
  24  2:24  Baneling Nest  
  23  2:36  Zergling x2  
  24  2:59  Zergling x8  
  28  3:13  Overlord  
  28  3:14  Zergling x2  
  28  3:17  Baneling x4  
  20  3:56  Zergling x2  
  20  3:57  Zergling x6  
  20  4:00  Baneling x4  
  22  4:22  Zergling x4  
  23  4:28  Zergling x2  
  24  4:32  Spine Crawler  
  22  4:39  Spine Crawler x2  
  22  4:42  Baneling x3  
Show
View Real Time Build Order
Export as new Build Order

xun Zerg 

Build Orders: Pool First 

Get SALT Encoding   

  12  0:01  Drone  
  13  0:09  Drone  
  14  0:26  Spawning Pool  
  13  0:29  Drone  
  14  0:43  Drone, Extractor  
  14  0:49  Overlord  
  14  1:12  Zergling x4  
  14  1:13  Queen, Zergling x2  
  19  1:24  Zergling x2  
  20  1:36  Overlord  
  20  1:46  Zergling x2  
  21  1:47  Metabolic Boost  
  21  2:09  Zergling x4  
  21  2:23  Baneling Nest  
  21  2:29  Zergling x4  
  22  2:32  Hatchery  
  21  2:40  Zergling x2  
  18  3:09  Baneling  
  18  3:10  Baneling, Zergling x6  
  20  3:21  Zergling x6  
  17  3:49  Zergling x6  
  17  3:50  Zergling x2  
  13  3:57  Zergling x4  
Tags
 
Add a new tag
Caveats
  • Supply blocks, unpowered buildings, or Contaminate may cause inaccurate times.
  • Supply counts are checked every 10 seconds.